 Dungeon Crawl Stone Soup version 0.30-a0-918-g0ff054e9dc (webtiles) character file.

Game seed: 6025349999063539600

123 cforsyth the Covered (level 5, -8/42 HPs)
             Began as a Human Fighter on Mar 20, 2023.
             Mangled by an orc warrior
             ... wielding a +2 halberd of protection
              (10 damage)
             ... on level 4 of the Dungeon.
             The game lasted 00:04:38 (2633 turns).

cforsyth the Covered (Human Fighter)                Turns: 2633, Time: 00:04:38

Health: -8/42      AC: 15    Str: 19    XL:     5   Next: 28%
Magic:  0/5        EV:  9    Int:  8    God:
Gold:   146        SH:  4    Dex: 12    Spells: 4/4 levels left

rFire   . . .      SeeInvis .    B - +2 flail (protect)
rCold   . . .      Faith    .    c - +0 buckler
rNeg    . . .      Spirit   +    b - +0 scale mail
rPois   +          Reflect  .    (no helmet)
rElec   .          Rampage  .    C - +0 cloak
rCorr   +                        (no gloves)
Will    .....                    (no boots)
Stlth   x                          - amulet of guardian spirit
HPRegen 0.27/turn                g - ring of poison resistance
MPRegen 0.09/turn                o - ring of resist corrosion

@: mighty, under a protective aura
A: no striking features
a: no special abilities


You were on level 4 of the Dungeon.
You visited 1 branch of the dungeon, and saw 4 of its levels.

You collected 146 gold pieces.

Inventory:

Hand Weapons
 a - a +0 flail
 B - a +2 flail of protection (weapon)
Armour
 b - a +0 scale mail (worn)
 c - a +0 buckler (worn)
 C - a +0 cloak (worn)
Jewellery
 g - a ring of poison resistance (left hand)
 o - a ring of resist corrosion (right hand)
 x - an amulet of guardian spirit (around neck)
Scrolls
 h - a scroll of amnesia {unknown}
 j - 2 scrolls of identify {unknown}
 k - a scroll of enchant armour {unknown}
 l - 2 scrolls of fear {unknown}
 n - a scroll of immolation {unknown}
 p - a scroll of teleportation {unknown}
 q - a scroll of butterflies
 r - a scroll of magic mapping {unknown}
 s - a scroll of fog {unknown}
 u - a scroll of blinking {unknown}
 v - a scroll of poison {unknown}
 w - a scroll of enchant weapon {unknown}
 y - a scroll of silence {unknown}
 A - a scroll of torment {unknown}
Potions
 e - a potion of attraction {unknown}
 f - 3 potions of flight {unknown}
 i - a potion of heal wounds {unknown}
 m - a potion of mutation {unknown}
 t - 2 potions of curing {unknown}
 z - a potion of lignification {unknown}


   Skills:
 + Level 3.7 Fighting
 + Level 3.0 Maces & Flails
 + Level 3.8 Armour
 + Level 3.7 Shields


You had 4 spell levels left.
You didn't know any spells.
Your spell library contained the following spells:

 Spells                   Type           Power      Damage    Failure   Level
 Magic Dart               Conj           0%         1d3       86%         1
 Cigotuvi's Dreadful Rot  Necr/Pois/Air  0%         N/A       94%         2
 Poisonous Vapours        Pois/Air       0%         N/A       94%         2
 Searing Ray              Conj           0%         2d4       94%         2
 Mephitic Cloud           Conj/Pois/Air  0%         N/A       99%         3
 Fulminant Prism          Conj/Hex       0%         3d5       100%        4


Dungeon Overview and Level Annotations

Branches:
Dungeon (4/15)
 Temple: D:4-7

Altars:

Annotations:
D:4 1 runed translucent door, Crazy Yiuf


Message History

You hit the orc warrior.
The orc warrior is heavily wounded.
The orc warrior hits you with a +2 halberd of protection.
You closely miss the orc warrior.
The orc warrior is heavily wounded.
The orc warrior hits you but does no damage.
The orc warrior closely misses you.
You closely miss the orc warrior.
The orc warrior is heavily wounded.
The orc warrior closely misses you.
You hit the orc warrior but do no damage.
The orc warrior is heavily wounded.
The orc warrior hits you with a +2 halberd of protection!
You hit the orc warrior.
The orc warrior is severely wounded.
The orc warrior hits you but does no damage.
You block the orc warrior's attack.
You hit the orc warrior.
The orc warrior is severely wounded.
An orc comes into view. It is wielding a +0 dagger.
The orc warrior hits you with a +2 halberd of protection!
The orc shouts!
You hit the orc warrior but do no damage.
The orc warrior is severely wounded.
The orc warrior barely misses you.
You barely miss the orc warrior.
The orc warrior is severely wounded.
The orc warrior hits you with a +2 halberd of protection.
* * * LOW HITPOINT WARNING * * *
You hit the orc warrior but do no damage.
The orc warrior is severely wounded.
The orc warrior completely misses you. The orc warrior closely misses you.
You barely miss the orc warrior.
The orc warrior is severely wounded.
The orc warrior hits you with a +2 halberd of protection!
* * * LOW HITPOINT WARNING * * *
You hit the orc warrior but do no damage.
The orc warrior is severely wounded.
The orc warrior hits you with a +2 halberd of protection!
You die...

### ## #<########## #.
#@##.......## ###.
#o##........# #...
#o##........###.#.
#o....#'#.........
#..##.#....)......
#...#.##...#......
##..#.##...#......
##############.............
#...............#####.#....


You could see an orc warrior and 2 orcs.

Vanquished Creatures
  A hound (D:4)
  2 adders (D:2)
  A worm (D:2)
  5 dart slugs
  4 orcs
  8 ball pythons
  4 bats
  3 endoplasms
  2 giant cockroaches
  4 goblins
  5 hobgoblins
  5 jackals
  A quokka (D:4)
  2 frilled lizards
  6 kobolds
  4 rats
57 creatures vanquished.

Notes
Turn   | Place    | Note
-------+----------+-------------------------------------------
     0 | D:1      | cforsyth the Human Fighter began the quest for the Orb.
     0 | D:1      | Reached XP level 1. HP: 18/18 MP: 1/1
    84 | D:1      | Reached XP level 2. HP: 20/24 MP: 2/2
   798 | D:2      | Reached XP level 3. HP: 29/29 MP: 3/3
  1259 | D:2      | Reached XP level 4. HP: 34/35 MP: 4/4
  2051 | D:4      | Reached XP level 5. HP: 40/42 MP: 5/5
  2138 | D:4      | Found a runed translucent door.
  2139 | D:4      | Noticed Crazy Yiuf
  2151 | D:4      | Noticed a black bear
  2594 | D:4      | Noticed an orc warrior
  2632 | D:4      | HP: 2/42 [orc warrior/+2 halberd of protection (9)]
  2633 | D:4      | Mangled by an orc warrior

Illustrated notes

Levels and vault maps discovered:
D:1:      evilmike_arrival_hilbert_curve, layout_loops_ring
D:2:      layout_basic
D:3:      layout_rooms
D:4:      layout_basic, lemuel_doored_altar, serial_corexii_hall,
          corexii_hall_statues_i, corexii_hall_statues_l,
          uniq_crazy_yiuf_cottage

Skill      XL: |  1  2  3  4  5 |
---------------+----------------+-----
Maces & Flails | 3 |  3.0
Fighting       | |  3.7
Armour         | |  3.8
Shields        | |  3.7

Action                     |  1- 3 |  4- 6 || total
---------------------------+-------+-------++-------
  Melee: Flail             |    73 |   138 ||   211
    Use: Scroll            |       |     1 ||     1
         Potion            |       |     1 ||     1
 Armour: Scale mail        |    33 |    77 ||   110
  Dodge: Dodged            |    26 |    77 ||   103
  Block: Buckler           |    15 |    31 ||    46

Table legend: (Time is in decaauts)
 A = Elapsed time spent in this place.
 B = Non-inter-level travel time spent in this place.
 C = Inter-level travel time spent in this place.
 D = Time resting spent in this place.
 E = Time spent auto-exploring this place.
 F = Levels seen in this place.
 G = Mean time per level.
                   A        B        C        D        E       F      G
               +--------+--------+--------+--------+--------+-----+--------+
         Total |   2697 |   2407 |    290 |     65 |   1792 |   4 |  674.2 |
       Dungeon |   2697 |   2407 |    290 |     65 |   1792 |   4 |  674.2 |
               +--------+--------+--------+--------+--------+-----+--------+

Top non-repeatable levels by time:
     D:1: 863 daAuts
     D:2: 791 daAuts
     D:3: 643 daAuts
     D:4: 399 daAuts
